 Dungeon Crawl Stone Soup version 0.30-a0-840-ga523dec638 (webtiles) character file.

Game seed: 7978755555250624696

174729 lesbiats the Wrestler (level 17, -33/178 HPs)
             Began as a Troll Fighter on Feb 22, 2023.
             Was a High Priest of Wu Jian.
             Killed by an exploding four-headed hydra (35 damage)
             ... ignited by their inner flame
             ... on level 4 of the Swamp on Mar 2, 2023.
             The game lasted 02:51:59 (30549 turns).

lesbiats the Wrestler (Troll Fighter)              Turns: 30549, Time: 02:52:00

Health: -33/178    AC: 16    Str: 28    XL:     17   Next: 45%
Magic:  19/19      EV: 11    Int:  7    God:    Wu Jian [*****.]
Gold:   1531       SH: 11    Dex:  9    Spells: 7/20 levels left

rFire   . . .      SeeInvis .    a - +8 scimitar (flame)
rCold   . . .      Faith    .    Z - +0 kite shield {AC+3}
rNeg    + . .      Spirit   .    E - +2 robe {rN+}
rPois   .          Reflect  .    (helmet restricted)
rElec   .          Harm     .    C - +2 cloak
rCorr   +          Rampage  .    (gloves unavailable)
Will    +++..      Rage     50%  (boots unavailable)
Stlth   +++                      M - necklace of Bloodlust {Fury *Rage Will++ Int-3 Slay+6}
HPRegen 1.29/turn                k - ring "Futsa" {Fly rCorr Stlth+}
MPRegen 0.16/turn                d - ring of Kioggak {AC+4 Stlth+}

@: on berserk cooldown, flying, slowed, studying Axes, very slow
A: large, unfitting armour, claws 3, regeneration 1, shaggy fur 1, tough skin 1
a: Renounce Religion, Wall Jump, Serpent's Lash, Heavenly Storm


You were on level 4 of the Swamp.
You worshipped Wu Jian.
Wu Jian was extremely pleased with you.
You visited 5 branches of the dungeon, and saw 27 of its levels.

You collected 2825 gold pieces.
You spent 1294 gold pieces at shops.

Inventory:

Hand Weapons
 a - a +8 scimitar of flaming (weapon)
Missiles
 m - 4 atropa-tipped darts
 v - 34 poisoned darts (quivered)
 F - 3 boomerangs of dispersal
 G - 13 boomerangs
 I - 64 large rocks
 K - 5 curare-tipped darts
 X - 4 javelins
Armour
 u - +0 swamp dragon scales
 C - a +2 cloak (worn)
 E - a +2 robe of positive energy (worn)
 Z - a +0 kite shield of protection (worn)
Jewellery
 d - the ring of Kioggak (right claw) {AC+4 Stlth+}
   (You found it on level 5 of the Lair of Beasts)

   [ring of protection]

   AC:        It affects your AC (+4).
   Stlth:     It makes you more stealthy.
 k - the ring "Futsa" (left claw) {Fly rCorr Stlth+}
   (You acquired it on level 14 of the Dungeon)

   [ring of flight]

   Fly:       It grants you flight.
   rCorr:     It protects you from acid and corrosion.
   Stlth:     It makes you more stealthy.
 x - a ring of resist corrosion
 M - the necklace of Bloodlust (around neck) {Fury *Rage Will++ Int-3 Slay+6}
   (You found it on level 1 of the Orcish Mines)

   [amulet of nothing]

   Fury:      It extends the wearer's berserk rage when killing foes.
   Int:       It affects your intelligence (-3).
   Slay:      It affects your accuracy & damage with ranged weapons and melee
   (+6).
   *Rage:     It berserks you when you make melee attacks (+50% chance).
   Will:      It greatly increases your willpower.
Wands
 e - a wand of roots (12)
 h - a wand of polymorph (20)
 B - a wand of light (5)
 D - a wand of digging (4)
 O - a wand of charming (35)
 P - a wand of flame (1)
 W - a wand of mindburst (15)
Scrolls
 b - a scroll of enchant weapon
 g - 7 scrolls of teleportation
 n - 3 scrolls of poison
 o - 8 scrolls of fear
 t - 3 scrolls of vulnerability
 y - 3 scrolls of blinking
 L - 2 scrolls of magic mapping
 V - 2 scrolls of summoning
Potions
 c - 4 potions of might
 i - 6 potions of attraction
 j - a potion of brilliance
 l - 4 potions of ambrosia
 p - 13 potions of curing
 q - 7 potions of flight
 r - 3 potions of resistance
 H - 3 potions of heal wounds
 N - 4 potions of haste
 Q - a potion of berserk rage
 R - 5 potions of lignification
 S - a potion of invisibility
Miscellaneous
 s - a phantom mirror
 w - a box of beasts
 A - a tin of tremorstones (2/2)
 T - a lightning rod (4/4)
 U - a condenser vane


   Skills:
 - Level 13.3 Fighting
 - Level 10.1 Dodging
 - Level 13.3 Shields
 - Level 21.1 Unarmed Combat
 + Level 2.2 Spellcasting
 + Level 2.7 Transmutations
 + Level 3.3 Earth Magic


You had 7 spell levels left.
You knew the following spells:

 Your Spells              Type           Power      Damage    Failure   Level
a - Lee's Rapid Deconstr  Erth           2%         3d5*      99%         5
b - Statue Form           Tmut/Erth      3%         N/A       100%        6
c - Wereblood             Tmut           4%         N/A       30%         2

Your spell library contained the following spells:

 Spells                   Type           Power      Damage    Failure   Level
 Beastly Appendage        Tmut           8%         N/A       21%         1
 Ensorcelled Hibernation  Hex/Ice        0%         N/A       67%         2
 Lesser Beckoning         Tloc           0%         N/A       67%         2
 Spider Form              Tmut/Pois      2%         N/A       71%         3
 Petrify                  Tmut/Erth      5%         N/A       86%         4
 Call Canine Familiar     Summ           0%         N/A       88%         3
 Dazzling Flash           Conj/Hex       0%         N/A       88%         3
 Gell's Gravitas          Tloc           0%         N/A       88%         3
 Kindle Blastsparks       Fire/Tloc/Air  0%         2d10      88%         3
 Portal Projectile        Hex/Tloc       0%         N/A       88%         3
 Teleport Other           Tloc           0%         N/A       88%         3
 Tukima's Dance           Hex            0%         N/A       88%         3
 Animate Armour           Summ/Erth      6%         N/A       96%         4
 Leda's Liquefaction      Hex/Erth       1%         N/A       96%         4
 Anguish                  Hex/Necr       0%         N/A       99%         4
 Animate Dead             Necr           0%         N/A       99%         4
 Fulminant Prism          Conj/Hex       0%         3d5       99%         4
 Iskenderun's Mystic Bla  Conj/Tloc      0%         2d3       99%         4
 Manifold Assault         Tloc           0%         N/A       99%         4
 Summon Lightning Spire   Summ/Air       0%         N/A       99%         4
 Blade Hands              Tmut           2%         N/A       99%         5
 Agony                    Necr           0%         N/A       100%        5
 Borgnjor's Vile Clutch   Necr/Erth      1%         N/A       100%        5
 Fireball                 Conj/Fire      0%         3d3       100%        5
 Irradiate                Conj/Tmut      1%         3d12      100%        5
 Iskenderun's Battlesphe  Conj           0%         2d6       100%        5
 Metabolic Englaciation   Hex/Ice        0%         N/A       100%        5
 Silence                  Hex/Air        0%         N/A       100%        5
 Conjure Ball Lightning   Conj/Air       0%         3x3d6     100%        6
 Death Channel            Necr           0%         N/A       100%        6
 Dispersal                Tloc           0%         N/A       100%        6
 Starburst                Conj/Fire      0%         6d3       100%        6
 Dragon Form              Tmut           2%         N/A       100%        7
 Haunt                    Necr/Summ      0%         N/A       100%        7
 Orb of Destruction       Conj           0%         9d5       100%        7
 Storm Form               Tmut/Air       1%         N/A       100%        7
 Disjunction              Tloc           0%         N/A       100%        8
 Infestation              Necr           0%         N/A       100%        8
 Maxwell's Capacitive Co  Air            0%         ∞         100%        8


Dungeon Overview and Level Annotations

Branches:
Dungeon (15/15)            Temple (1/1) D:4            Lair (5/5) D:9
  Swamp (4/4) Lair:3       Spider (0/4) Lair:2        Slime (0/5) Lair:5
    Orc (2/2) D:10            Elf (0/3) Orc:2        Vaults (0/5) D:13
 Depths (0/4) D:15

Altars:
Ashenzari
Cheibriados
Elyvilon
Gozag
Hepliaklqana
Kikubaaqudgha
Makhleb
Nemelex Xobeh
Okawaru
Qazlal
Ru
Sif Muna
Trog
Uskayaw
Vehumet
Wu Jian
Xom
Yredelemnul
Zin
The Shining One
Jiyva
Lugonu

Shops:
D:7 *   D:10 :   D:12 !   D:13 *   Orc:2 (*!*

Portals:
Abyss: Lair:5


Innate Abilities, Weirdness & Mutations

You are too large for most types of armour.
You have claws for hands.
Your natural rate of healing is unusually fast.
You are covered in fur. (AC +1)
You have tough skin. (AC +1)


Message History

* * * LOW HITPOINT WARNING * * *
You hear an explosion!
The fiery explosion engulfs the five-headed hydra!!!
The Council accepts your kill. x2
You feel a bit more experienced.
The fiery explosion engulfs the swamp dragon!!!
The Council accepts your kill. x2
You feel a bit more experienced.
The swamp dragon explodes!
The Council accepts your kill.
You feel a bit more experienced. The Council accepts your kill.
You feel a bit more experienced. The Council accepts your kill.
You feel a bit more experienced.
You hear an explosion!
The Council accepts your kill.
You feel a bit more experienced.
You hear an explosion!
The Council accepts your kill.
You feel a bit more experienced.
You hear a roar!
You hear an explosion!
The Council accepts your kill.
You feel a bit more experienced. The Council accepts your kill.
You feel a bit more experienced.
You hear an explosion!
The Council accepts your kill.
You feel a bit more experienced. The Council accepts your kill.
You feel a bit more experienced. The Council accepts your kill.
You feel a bit more experienced.
You hear a roar!
You hear an explosion! x4
The five-headed hydra explodes!
The eight-headed hydra explodes!
The fiery explosion engulfs you!
* * * LOW HITPOINT WARNING * * *
The four-headed hydra explodes!
The mangrove smoulders and burns.
The fiery explosion engulfs you!!
You die... #♣..~..~.~..♣ #..... #♣~~..~.~.~~♣ .....DkD ♣~~.....~.... #..k..i #♣~...~.~..~~~ #§..fkD #♣~~..~........ ~~ #○DDD

#~~~~...~..~..§ ~~~♣
#○.D##♣k♣.~.~♣.~~~...
~.~.~##○##..~♣♣...~...~♣~~
..~..§§○°@§§♣♣♣..~....~...
...~.§○§○§§♣~♣.~♣....~♣..
.~♣.§§§☼§§§..~.~..~♣~~♣♣♣
♣♣♣§§§§☼§♣.....~♣♣♣♣♣♣.
♣♣♣♣♣♣♣♣♣...~~♣~♣♣...
♣♣♣♣~~.....♣. ♣♣~.~...♣.
♣..~...♣. ♣♣~♣♣♣...


You could see a swamp drake (wandering).

Vanquished Creatures
  Jorgrun (D:13)
  A tentacled monstrosity (Swamp:3)
  Rupert (D:15)
  The ghost of Atuuduag the Deadly Accurate, an adept OgGl of the Shining One (Swamp:3)
  Frances (D:12)
  A thorn hunter (Swamp:4)
  Roxanne (Swamp:2)
  2 deep elf elementalists (Orc:1)
  The ghost of Ricoe the Cleaver, a journeyman FoFi of Okawaru (D:14)
  Nessos (D:15)
  The ghost of elongatedgoose the Blocker, a journeyman MiFi of Okawaru (Lair:5)
  A deep elf demonologist (Orc:1)
  An eleionoma (Swamp:3)
  Azrael (D:14)
  7 bunyips
  2 fire dragons (D:15)
  Josephine (D:13)
  2 ettins
  4 vault guards (D:13)
  A shambling mangrove (Swamp:4)
  Fannar (Lair:3)
  A ghost crab (Swamp:4)
  25 hydras
  The ghost of cforsyth the Covert, a journeyman KoBr of Hepliaklqana (D:11)
  9 alligators
  A catoblepas (Lair:1)
  7 centaur warriors
  2 ogre magi
  A death knight (D:13)
  A two-headed ogre (shapeshifter) (Lair:5)
  9 two-headed ogres
  6 boulder beetles
  A dancing weapon (Lair:5)
  10 death yaks
  7 tengu warriors
  3 orc high priests (Orc:2)
  2 thrashing horrors (Lair:5)
  3 skysharks
  The ghost of domi the Destroyer, a novice DsCj of Gozag (D:10)
  Urug (Lair:4)
  A fire crab (shapeshifter) (D:15)
  5 skeletal warriors
  2 fire crabs (Lair:4)
  A spectral spriggan (Swamp:3)
  2 death drakes
  2 goliath frogs
  A glowing orange brain (D:9)
  5 spriggan druids
  2 fenstrider witch simulacra (Swamp:3)
  Pikel (D:7)
  10 deep elf pyromancers
  8 swamp dragons (Swamp:4)
  A harpy (shapeshifter) (D:13)
  A necromancer (Lair:4)
  4 orc sorcerers (Orc:2)
  2 wolf spiders (Lair:5)
  2 ugly things (Lair:5)
  7 orc knights
  7 deep elf zephyrmancers
  3 moths of wrath
  3 manticores
  15 cyclopes
  5 will-o-the-wisps
  6 black mambas
  Maurice (D:8)
  A smoke demon (Lair:5)
  2 torpor snails
  A gargoyle (D:13)
  Joseph (D:8)
  17 cane toads
  Psyche (D:8)
  6 kobold demonologists
  An unseen horror (D:12)
  5 rime drakes
  2 efreet (D:12)
  A tengu conjurer (D:15)
  A silent spectre (Orc:1)
  12 komodo dragons
  A spectral death drake (Swamp:3)
  A queen bee (D:11)
  2 ancient zymes (Lair:5)
  9 trolls
  8 polar bears
  9 tyrant leeches
  8 hornets
  7 dream sheep
  9 blink frogs
  10 slime creatures
  8 spriggans
  A culicivora (Lair:2)
  A jumping spider (Lair:2)
  4 large abominations (Lair:5)
  A shadow (D:12)
  3 vampires
  45 yaks
  7 wyverns
  2 ynoxinuls (Lair:5)
  The ghost of tarna41 the Trooper, an amateur MiBe of Trog (D:3)
  5 fire elementals (D:14)
  2 spriggan simulacra (Swamp:3)
  5 wraiths
  2 chaos spawn (Lair:5)
  A steam dragon (D:10)
  19 vampire mosquitoes
  4 redbacks (Lair:2)
  11 basilisks
  Grum (D:8)
  17 swamp worms
  Menkaure (D:4)
  A warg (Orc:1)
  15 water moccasins
  3 hell hounds (D:14)
  2 acid dragons (D:12)
  2 death drake simulacra (Swamp:3)
  4 black bears
  3 sky beasts
  2 ice beasts
  19 orc warriors
  11 swamp drakes
  21 centaurs
  7 ogres
  24 wolves
  A lemure (D:7)
  2 phantoms
  3 kobold brigands
  2 gnoll sergeants
  17 bullfrogs
  A scorpion (D:7)
  10 wights
  22 killer bees
  2 howler monkeys
  3 jellies
  4 hounds
  14 orc priests
  Jessica (D:3)
  2 gnoll boudas
  3 iguanas (D:7)
  Terence (D:2)
  A scorpion zombie (D:3)
  23 orc wizards
  10 hell rats
  A polar bear simulacrum (Lair:4)
  3 yak simulacra (Lair:4)
  12 small abominations (Lair:5)
  5 wolf simulacra (Lair:4)
  A hound zombie (D:3)
  22 gnolls
  6 adders
  2 river rats (D:3)
  A shadow imp (D:6)
  2 worms
  2 dart slugs (D:1)
  62 orcs
  3 endoplasms
  3 giant cockroaches
  8 goblins
  6 hobgoblins
  3 jackals (D:4)
  22 kobolds
  4 quokkas
  A ball python (D:1)
  6 bats
  A frilled lizard (D:3)
  2 rats (D:1)
  2 river rat simulacra (Lair:4)
893 creatures vanquished.

Vanquished Creatures (collateral kills)
  A cane toad (Lair:5)
1 creature vanquished.

Vanquished Creatures (others)
  An unseen horror (D:11)
  2 bloated husks
  12 foxfires
  26 fungi
  69 plants
110 creatures vanquished.

Grand Total: 1004 creatures vanquished

Notes
Turn   | Place    | Note
-------+----------+-------------------------------------------
     0 | D:1      | lesbiats the Troll Fighter began the quest for the Orb.
     0 | D:1      | Reached XP level 1. HP: 22/22 MP: 0/0
   111 | D:1      | Reached XP level 2. HP: 29/29 MP: 1/1
   928 | D:2      | Reached XP level 3. HP: 36/36 MP: 2/2
   969 | D:2      | Noticed Terence
  1019 | D:2      | Killed Terence
  1020 | D:2      | Reached skill level 3 in Unarmed Combat
  1384 | D:3      | Found a runed translucent door.
  1396 | D:3      | Noticed tarna41's ghost (amateur MiBe)
  1442 | D:3      | Reached XP level 4. HP: 40/44 MP: 3/3
  1481 | D:3      | Found a runed translucent door.
  1569 | D:3      | Found a basalt altar of Yredelemnul.
  1711 | D:3      | Found a faded altar of an unknown god.
  1857 | D:3      | Noticed Jessica
  1865 | D:3      | Killed Jessica
  1866 | D:3      | Reached skill level 4 in Unarmed Combat
  1866 | D:3      | Reached XP level 5. HP: 48/53 MP: 4/4
  2074 | D:4      | Noticed Menkaure
  2083 | D:4      | Killed Menkaure
  2084 | D:4      | Reached XP level 6. HP: 39/61 MP: 5/5
  2145 | D:4      | Reached skill level 5 in Unarmed Combat
  2230 | D:4      | Found a staircase to the Ecumenical Temple.
  2241 | Temple   | Entered the Ecumenical Temple
  2353 | Temple   | Became a worshipper of the Wu Jian Council
  2603 | D:4      | Reached XP level 7. HP: 67/68 MP: 6/6
  3003 | D:5      | Entered Level 5 of the Dungeon
  3078 | D:5      | Reached skill level 6 in Unarmed Combat
  3425 | D:6      | Reached * piety under Wu Jian
  3536 | D:6      | Reached skill level 5 in Shields
  3536 | D:6      | Reached XP level 8. HP: 74/79 MP: 7/7
  3604 | D:6      | Reached skill level 7 in Unarmed Combat
  3662 | D:6      | Found a white marble altar of Elyvilon.
  3679 | D:6      | Found a burning altar of Makhleb.
  3769 | D:6      | Reached skill level 5 in Fighting
  3856 | D:6      | Reached skill level 8 in Unarmed Combat
  4181 | D:7      | Noticed Pikel
  4192 | D:7      | Killed Pikel
  4193 | D:7      | Reached XP level 9. HP: 30/89 MP: 8/8
  4243 | D:7      | Reached skill level 9 in Unarmed Combat
  4302 | D:7      | Found a bloodstained altar of Trog.
  4369 | D:7      | Reached ** piety under Wu Jian
  4576 | D:7      | Found Zuiloymn's Assorted Antiques.
  4581 | D:7      | Bought a scroll labelled OQOUGYJEGE for 36 gold pieces
  4581 | D:7      | Bought a scroll labelled DIACIG YKUSO for 36 gold pieces
  4581 | D:7      | Bought a scroll labelled RUIW WU DICO for 36 gold pieces
  4581 | D:7      | Bought a scroll of identify for 72 gold pieces
  4581 | D:7      | Bought an encrusted glass wand for 144 gold pieces
  4704 | D:7      | Found an iron altar of Okawaru.
  5016 | D:8      | Reached skill level 10 in Unarmed Combat
  5016 | D:8      | Reached XP level 10. HP: 97/98 MP: 9/9
  5087 | D:8      | Noticed Psyche
  5092 | D:8      | Killed Psyche
  5108 | D:8      | Noticed Maurice
  5134 | D:8      | Killed Maurice
  5152 | D:8      | Reached *** piety under Wu Jian
  5217 | D:8      | Reached skill level 5 in Dodging
  5219 | D:8      | Noticed Grum
  5242 | D:8      | Killed Grum
  5356 | D:8      | Noticed Joseph
  5365 | D:8      | Killed Joseph
  5917 | D:9      | Reached **** piety under Wu Jian
  5918 | D:9      | Reached skill level 11 in Unarmed Combat
  5918 | D:9      | Reached XP level 11. HP: 23/109 MP: 10/10
  6404 | D:9      | Found a staircase to the Lair.
  6669 | D:10     | Entered Level 10 of the Dungeon
  6669 | D:10     | Found a runed translucent gate.
  6669 | D:10     | Found a runed translucent gate.
  6669 | D:10     | Found a runed translucent gate.
  6670 | D:10     | Noticed a glowing orange brain
  6671 | D:10     | Noticed domi's ghost (novice DsCj)
  6707 | D:10     | Noticed a two-headed ogre
  6727 | D:10     | Killed a two-headed ogre
  7207 | D:10     | Noticed a two-headed ogre
  7220 | D:10     | Killed a two-headed ogre
  7237 | D:10     | Found Xekhluf's Book Boutique.
  7261 | D:10     | Noticed a two-headed ogre
  7275 | D:10     | Killed a two-headed ogre
  7276 | D:10     | Reached skill level 12 in Unarmed Combat
  7336 | D:10     | Found a staircase to the Orcish Mines.
  7444 | D:10     | Found a viscous altar of Jiyva.
  7578 | D:3      | Killed tarna41's ghost
  7895 | D:11     | Found a transporter.
  7896 | D:11     | Noticed cforsyth's ghost (journeyman KoBr)
  7897 | D:11     | Found a transporter.
  8082 | D:11     | Reached XP level 12. HP: 22/119 MP: 11/11
  8408 | D:11     | Identified the +0 ring mail of Agnosticism {Str+4}
  8591 | D:11     | Learned a level 5 spell: Lee's Rapid Deconstruction
  8952 | D:12     | Found Merum's Distillery.
  9073 | D:12     | Noticed a centaur warrior
  9298 | D:12     | Killed a centaur warrior
  9299 | D:12     | Reached skill level 13 in Unarmed Combat
  9338 | D:12     | Noticed a two-headed ogre
  9351 | D:12     | Killed a two-headed ogre
  9461 | D:12     | Reached ***** piety under Wu Jian
  9572 | D:12     | Noticed a five-headed hydra
  9702 | D:12     | Noticed Frances
  9734 | D:12     | Found the +11 plutonium sword {Contam Stlth-}
  9734 | D:12     | Noticed a tengu warrior
  9735 | D:12     | Noticed an ogre mage
  9888 | Lair:1   | Entered Level 1 of the Lair of Beasts
 10523 | D:5      | Identified the +2 dagger "Lihicheu" {heavy, rN+}
 11019 | Lair:1   | Noticed a catoblepas
 11253 | Lair:1   | Killed a catoblepas
 11419 | Lair:1   | Upgraded the game from 0.30-a0-800-g7c544603b3 to
                  | 0.30-a0-808-g6e0788376e
 12138 | Lair:2   | Reached XP level 13. HP: 105/128 MP: 12/12
 12235 | Lair:2   | Found a hole to the Spider Nest.
 12474 | Lair:2   | Reached skill level 14 in Unarmed Combat
 13178 | Lair:3   | Noticed Fannar
 13476 | Lair:3   | Found a staircase to the Swamp.
 14219 | Lair:3   | Killed Fannar
 14220 | Lair:3   | Reached skill level 10 in Shields
 14536 | Lair:4   | Noticed Urug
 14546 | Lair:4   | Killed Urug
 14599 | Lair:4   | Reached skill level 15 in Unarmed Combat
 14907 | Lair:4   | Reached ****** piety under Wu Jian
 15223 | Lair:4   | Learned a level 6 spell: Statue Form
 15567 | Lair:4   | Reached XP level 14. HP: 141/141 MP: 13/13
 15799 | Lair:4   | Reached skill level 10 in Fighting
 15799 | Lair:4   | Reached skill level 16 in Unarmed Combat
 16002 | Lair:5   | Entered Level 5 of the Lair of Beasts
 16347 | Lair:5   | Found a staircase to the Slime Pits.
 16381 | Lair:5   | Found a runed translucent door.
 16381 | Lair:5   | Found a shimmering altar of Xom.
 16381 | Lair:5   | Noticed elongatedgoose's ghost (journeyman MiFi)
 16400 | Lair:5   | Killed elongatedgoose's ghost
 17033 | Lair:5   | Reached skill level 17 in Unarmed Combat
 17203 | Lair:5   | Upgraded the game from 0.30-a0-808-g6e0788376e to
                  | 0.30-a0-824-g6c64550be9
 17483 | Lair:5   | Reached skill level 10 in Dodging
 17924 | Lair:5   | Reached XP level 15. HP: 152/152 MP: 14/14
 17986 | Lair:5   | Identified the ring of Kioggak {AC+4 Stlth+}
 18060 | Lair:5   | Found a corrupted altar of Lugonu.
 18060 | Lair:5   | Found a one-way gate to the infinite horrors of the Abyss.
 18625 | D:10     | Killed domi's ghost
 18789 | Orc:1    | Entered Level 1 of the Orcish Mines
 19305 | Orc:1    | Found a bloodstained altar of Trog.
 19305 | Orc:1    | Found the necklace of Bloodlust {Fury *Rage Will++ Int-3
                  | Slay+6}
 19373 | Orc:2    | Entered Level 2 of the Orcish Mines
 19538 | Orc:1    | Found a transporter.
 19562 | Orc:1    | Found a transporter.
 19642 | Orc:2    | Found a staircase to the Elven Halls.
 20155 | Orc:2    | Found Arylaso's Assorted Antiques.
 20403 | Orc:2    | Found Jial's Antique Weapon Shop.
 20412 | Orc:2    | Found Opizouf Obor's Distillery.
 20412 | Orc:2    | Found Xeacoir's Assorted Antiques.
 20871 | Orc:2    | Bought a potion of curing for 36 gold pieces
 20871 | Orc:2    | Bought a potion of heal wounds for 60 gold pieces
 20871 | Orc:2    | Bought a potion of curing for 36 gold pieces
 20871 | Orc:2    | Bought a potion of curing for 36 gold pieces
 20871 | Orc:2    | Bought a potion of curing for 36 gold pieces
 20874 | Orc:2    | Bought a scroll of identify for 68 gold pieces
 20885 | Orc:2    | Bought a potion of lignification for 120 gold pieces
 20971 | Orc:1    | Found a runed translucent door.
 20982 | Orc:1    | Reached skill level 18 in Unarmed Combat
 21021 | Orc:1    | Identified the +0 plate armour "Saede" {Int+3}
 21515 | D:11     | Killed cforsyth's ghost
 21801 | D:12     | Killed Frances
 22993 | D:13     | Noticed Jorgrun
 23005 | D:13     | Found Raczeoc's CLEARANCE SALE!.
 23009 | D:13     | Killed Jorgrun
 23015 | D:13     | Bought a scroll of identify for 10 gold pieces
 23015 | D:13     | Bought a tin of tremorstones (2/2) for 200 gold pieces
 23041 | D:13     | Noticed Josephine
 23101 | D:13     | Killed Josephine
 23181 | D:13     | Found a gate to the Vaults.
 23220 | D:13     | Reached skill level 19 in Unarmed Combat
 23220 | D:13     | Reached XP level 16. HP: 69/165 MP: 15/15
 24259 | D:14     | Noticed Azrael
 24273 | D:14     | Killed Azrael
 24413 | D:14     | You fall into a shaft and drop 1 floor!
 24413 | D:15     | Entered Level 15 of the Dungeon
 24620 | D:14     | Identified a scroll of acquirement
 24662 | D:14     | Acquired the ring "Futsa" {Fly rCorr Stlth+}
 24805 | D:14     | Found a sacrificial altar of Ru.
 25017 | D:14     | Noticed Ricoe's ghost (journeyman FoFi)
 25020 | D:14     | Found a transporter.
 25023 | D:14     | Found a transporter.
 25031 | D:14     | Found a bloodstained altar of Trog.
 25132 | D:15     | Noticed Rupert
 25145 | D:15     | Killed Rupert
 25720 | D:15     | Reached skill level 20 in Unarmed Combat
 25731 | D:15     | Found a staircase to the Depths.
 25888 | D:15     | Noticed Nessos
 25891 | D:15     | Killed Nessos
 26253 | D:14     | Killed Ricoe's ghost
 26427 | D:12     | Bought a potion of flight for 48 gold pieces
 26427 | D:12     | Bought a potion of haste for 160 gold pieces
 26427 | D:12     | Bought a potion of flight for 48 gold pieces
 26427 | D:12     | Bought a potion of might for 64 gold pieces
 26427 | D:12     | Bought a potion of curing for 48 gold pieces
 26427 | D:12     | Upgraded the game from 0.30-a0-824-g6c64550be9 to
                  | 0.30-a0-840-ga523dec638
 26673 | Swamp:1  | Entered Level 1 of the Swamp
 27301 | Swamp:1  | Identified the +1 dagger of Corporal Punishment {speed,
                  | rPois rC- Dex+3}
 27951 | Swamp:2  | Identified Roxanne's Compendium of Terra Firma
 27951 | Swamp:2  | Noticed Roxanne
 27980 | Swamp:2  | Killed Roxanne
 28131 | Swamp:2  | Reached XP level 17. HP: 135/176 MP: 16/16
 28573 | Swamp:3  | Noticed a tentacled monstrosity
 28581 | Swamp:3  | Killed a tentacled monstrosity
 28582 | Swamp:3  | Reached skill level 21 in Unarmed Combat
 28952 | Swamp:3  | Found a runed translucent gate.
 28954 | Swamp:3  | Found a runed translucent gate.
 29017 | Swamp:3  | Noticed Atuuduag's ghost (adept OgGl)
 29019 | Swamp:3  | Found a runed translucent gate.
 29033 | Swamp:3  | Reached skill level 1 in Earth Magic
 29086 | Swamp:3  | Reached skill level 1 in Transmutations
 29419 | Swamp:3  | Reached skill level 1 in Spellcasting
 29421 | Swamp:3  | Killed Atuuduag's ghost
 29661 | D:9      | Learned a level 2 spell: Wereblood
 29807 | Swamp:4  | Entered Level 4 of the Swamp
 30549 | Swamp:4  | HP: 2/178 [spore (17)]
 30549 | Swamp:4  | Killed by an exploding four-headed hydra... ignited by
                  | their inner flame

Illustrated notes

Levels and vault maps discovered:
D:1:      lightli_arrival_farm, layout_basic, roderic_lattice_a
D:2:      layout_loops_ring, uniq_terence
D:3:      layout_loops_ring, lemuel_zombie_altar_yredelemnul,
          ebering_ghost_sewer_f, shapermc_ecumenical_altar_mp_ritualfount,
          kennysheep_jessica_study
D:4:      layout_loops_ring, temple_hall, uniq_menkaure
D:5:      layout_basic, due_unseen_surprise
D:6:      layout_gridville, mainiacjoe_overflow_catch_the_wave
D:7:      layout_basic, hellmonk_okawaru_the_only_friend_you_need,
          trog_ov_bears_minmay, serial_shops, kennysheep_little_box, uniq_pikel
D:8:      layout_basic, uniq_psyche, uniq_grum, uniq_maurice, uniq_joseph
D:9:      layout_rooms, david_lair_shrubbed
D:10:     layout_roguey, orc_0_dummy, gammafunk_ghost_ooze, serial_shops, shop,
          hangedman_abyss_or_decor_stabs, chequers_mini_garden
D:11:     layout_loops_ring, gammafunk_ghost_hive
D:12:     minmay_the_grid_triangle_9x9_recursive_3
          [minmay_the_grid_triangle_9x9_stretched_checkered,
          minmay_the_grid_triangle_9x9_shrine,
          minmay_the_grid_triangle_9x9_corruption,
          minmay_the_grid_triangle_9x9_prize_insulated,
          minmay_the_grid_triangle_9x9_odd_lines,
          minmay_the_grid_triangle_9x9_semitri,
          minmay_the_grid_triangle_9x9_minimal,
          minmay_the_grid_triangle_9x9_pentomino_pain,
          minmay_the_grid_triangle_9x9_impossible_snake], layout_gridville,
          serial_shops, shop, minmay_misc_feat_tower, uniq_frances
D:13:     layout_layer_cave, lightli_vaults_fourway_checkpoint,
          nicolae_shop_clearance, uniq_josephine, uniq_jorgrun
D:14:     layout_cave_pools, nicolae_ru_the_path_less_chosen,
          gammafunk_ghost_wrathful_warriors, minivault_24, uniq_azrael
D:15:     grunt_enter_depths_hoard, layout_basic, interstate_on_off,
          elves_outpost_lemuel, uniq_nessos, uniq_rupert
Temple:   minmay_crystal_spiral_temple
Lair:1:   layout_layer_cave
Lair:2:   beast_lair_carwin_large_2, layout_regular_city,
          nicolae_spider_entry_tight_spaces
Lair:3:   layout_regular_city, palyth_hydra_swamp_entry, uniq_fannar
Lair:4:   nzn_winding_woodlands_large [nzn_winding_woodlands_5x5_cross,
          nzn_winding_woodlands_5x15_eye, nzn_winding_woodlands_5x5_three,
          nzn_winding_woodlands_center_pierced_h,
          nzn_winding_woodlands_15x15_boxy_spiral,
          nzn_winding_woodlands_center_triple_pond,
          nzn_winding_woodlands_5x5_perimeter,
          nzn_winding_woodlands_5x15_lazy_stream,
          nzn_winding_woodlands_hourglass], layout_long_grid,
          eino_house_with_fridge, uniq_urug
Lair:5:   hellmonk_lair_end_abyssal_woods, layout_loops_ring, slime_entry_1,
          ebering_ghost_xom, hangedman_lair_generics_rect, grunt_megastairs_1
Swamp:1:  layout_basic_swamp, evilmike_swamp_ruin_house_1
Swamp:2:  layout_basic_swamp, nicolae_swamp_well_well_well, swamp_pool1,
          nicolae_swamp_bunyip_nook, uniq_roxanne
Swamp:3:  layout_basic_swamp, gammafunk_ghost_necromancy,
          nicolae_swamp_decorative_isthmus
Swamp:4:  swamp, layout_basic_swamp, swamp_pool5, nicolae_swamp_tree_designs
Orc:1:    emtedronai_trogs_sanctum, layout_diamond_mine
Orc:2:    st_orc_elflike, layout_caves

Skill      XL: |  1  2  3  4  5  6  7  8  9 10 11 12 13 14 15 16 17 |
---------------+----------------------------------------------------+-----
Shields        | 3 4 5 6 7 8 9 10 11 12 13 | 13.3
Unarmed Combat | 3 4 5 6 8 10 11 12 13 15 17 19 20 21 | 21.1
Fighting       | 3 4 5 6 7 8 9 10 11 13 | 13.3
Dodging        | 4 6 8 9 10 | 10.1
Earth Magic    | 3 |  3.3
Transmutations | 2 |  2.7
Spellcasting   | 2 |  2.2

Action                     |  1- 3 |  4- 6 |  7- 9 | 10-12 | 13-15 | 16-18 || total
---------------------------+-------+-------+-------+-------+-------+-------++-------
  Melee: Unarmed           |    91 |    92 |   340 |   699 |  1260 |   590 ||  3072
         Scimitar          |       |       |       |       |       |    34 ||    34
  Throw: Dart              |       |       |       |    13 |     1 |       ||    14
         Large rock        |       |       |       |     1 |     4 |     6 ||    11
         Throwing net      |       |       |       |     1 |       |       ||     1
         Boomerang         |       |       |       |       |     2 |     1 ||     3
 Invoke: Heavenly Storm    |       |       |       |       |     2 |     4 ||     6
Ability: Lunge             |       |       |    23 |    44 |    90 |    50 ||   207
         Whirlwind         |       |       |    90 |   170 |   295 |   224 ||   779
  Evoke: Wand              |       |       |       |     2 |    29 |       ||    31
         Box of beasts     |       |       |       |       |     1 |       ||     1
         Condenser vane    |       |       |       |       |     1 |       ||     1
    Use: Potion            |       |     1 |       |     3 |    12 |     6 ||    22
         Scroll            |       |     5 |     3 |    12 |    16 |     8 ||    44
   Stab: Distracted        |       |       |       |     1 |       |     1 ||     2
         Invisible         |       |       |       |       |     1 |       ||     1
         Sleeping          |       |       |       |       |     4 |     5 ||     9
 Armour: Robe              |    23 |    19 |    61 |   132 |   158 |   192 ||   585
         Skin              |       |       |       |       |    32 |       ||    32
  Dodge: Dodged            |    30 |    32 |    81 |   167 |   282 |   214 ||   806
  Block: Kite shield       |    40 |    39 |   110 |   347 |   605 |   243 ||  1384
         Reflection        |       |       |       |     7 |     6 |       ||    13

Table legend: (Time is in decaauts)
 A = Elapsed time spent in this place.
 B = Non-inter-level travel time spent in this place.
 C = Inter-level travel time spent in this place.
 D = Time resting spent in this place.
 E = Time spent auto-exploring this place.
 F = Levels seen in this place.
 G = Mean time per level.
                   A        B        C        D        E       F      G
               +--------+--------+--------+--------+--------+-----+--------+
         Total |  30870 |  24017 |   6853 |   3892 |  12070 |  27 | 1143.3 |
       Dungeon |  15889 |  12544 |   3345 |   1521 |   7265 |  15 | 1059.3 |
        Temple |    188 |    106 |     82 |      0 |     91 |   1 |  188.0 |
          Lair |   8674 |   6333 |   2341 |   1239 |   2934 |   5 | 1734.8 |
         Swamp |   3673 |   3088 |    585 |   1016 |    881 |   4 |  918.2 |
  Orcish Mines |   2443 |   1944 |    499 |    116 |    899 |   2 | 1221.5 |
               +--------+--------+--------+--------+--------+-----+--------+

Top non-repeatable levels by time:
    D:12: 1993 daAuts
  Lair:4: 1961 daAuts
  Lair:3: 1908 daAuts
  Lair:5: 1756 daAuts
  Lair:1: 1751 daAuts
     D:9: 1617 daAuts
    D:13: 1533 daAuts
  Lair:2: 1297 daAuts
   Orc:2: 1286 daAuts
    D:15: 1258 daAuts
    D:10: 1165 daAuts
   Orc:1: 1157 daAuts
 Swamp:2: 1066 daAuts
     D:8: 1051 daAuts
 Swamp:3: 1051 daAuts
